Map: Acropolis LE

Players

pHARM

  • Race: Zerg Zerg
  • League: Platinum
  • Spawn Location: 5:00

sdfe - Winner!

  • Race: Protoss Protoss
  • League: Platinum
  • Spawn Location: 11:00

VOD

Have the link to the VOD?

Description

Time

  • Played on: Oct. 5, 2019, 10:30 p.m.
  • Length: 8:22
Show
View Real Time Build Order
Export as new Build Order

pHARM Zerg 

Build Orders: Hatch First 

Get SALT Encoding   

  12  0:01  Drone  
  13  0:14  Overlord  
  13  0:19  Drone  
  14  0:32  Drone x2  
  16  0:50  Hatchery  
  16  0:55  Drone  
  16  0:56  Drone  
  17  1:11  Spawning Pool  
  17  1:14  Drone  
  17  1:17  Drone  
  18  1:29  Drone  
  19  1:50  Hatchery  
  19  1:53  Drone x3  
  21  2:02  Drone  
  21  2:03  Queen  
  24  2:10  Queen  
  24  2:15  Drone  
  27  2:16  Drone  
  28  2:28  Overlord x2  
  28  2:48  Drone x5  
  33  3:00  Drone x2  
  35  3:08  Queen  
  35  3:09  Drone x2  
  39  3:18  Drone x6  
  45  3:22  Extractor  
  45  3:24  Extractor  
  45  3:26  Drone x4, Extractor  
  46  3:44  Roach Warren  
  46  3:47  Evolution Chamber x2  
  43  3:55  Overlord  
  43  3:56  Overlord x2  
  43  4:13  Queen  
  43  4:16  Zerg Ground Armor Level 1  
  45  4:34  Zerg Melee Weapons Level 1  
  45  4:36  Metabolic Boost  
  45  4:38  Zergling x16  
  45  4:39  Zergling x18  
  62  4:48  Lair  
  62  4:56  Drone x4  
  62  4:58  Overlord x3  
  66  5:22  Drone x3  
  66  5:23  Drone  
  66  5:27  Drone  
  66  5:28  Drone x2  
  73  5:31  Roach  
  73  5:34  Drone x6  
  81  5:55  Infestation Pit, Hydralisk Den  
  81  5:56  Drone x2  
  81  6:05  Drone x7  
  81  6:06  Drone x2  
  81  6:08  Extractor  
  81  6:09  Extractor  
  81  6:10  Overlord  
  88  6:31  Grooved Spines  
  88  6:32  Hydralisk  
  88  6:36  Overlord x3  
  88  6:39  Hive  
  90  6:55  Baneling Nest  
  89  7:10  Hydralisk x5  
  89  7:13  Zergling x18  
  108  7:20  Overseer  
  108  7:32  Hydralisk x2  
  112  8:00  Spire  
Show
View Real Time Build Order
Export as new Build Order

sdfe Protoss - Winner!

Build Orders: 1 Gate Expand, Archon Immortal 

Get SALT Encoding   

  12  0:01  Probe  
  13  0:13  Probe  
  14  0:22  Pylon  
  14  0:25  Probe  
  15  0:40  Probe (Chrono Boost)  
  16  0:46  Gateway  
  16  0:48  Probe (Chrono Boost)  
  16  0:49  Assimilator  
  17  0:54  Probe  
  18  1:06  Probe  
  19  1:18  Probe (Chrono Boost)  
  20  1:30  Probe (Chrono Boost)  
  21  1:35  Nexus  
  21  1:41  Cybernetics Core  
  21  1:51  Pylon  
  21  1:54  Probe  
  22  1:57  Assimilator  
  22  2:06  Probe  
  23  2:23  Robotics Facility  
  23  2:24  Pylon  
  23  2:26  Warp Gate (Chrono Boost), Probe  
  24  2:31  Adept  
  26  2:38  Probe  
  27  2:50  Probe (Chrono Boost)  
  28  2:54  Gateway  
  29  3:01  Stalker (Chrono Boost)  
  29  3:02  Probe x2 (Chrono Boost)  
  32  3:09  Probe (Chrono Boost)  
  32  3:11  Probe  
  32  3:12  Twilight Council  
  34  3:20  Probe  
  34  3:23  Observer  
  36  3:33  Probe x2  
  38  3:45  Probe x2, Charge (Chrono Boost)  
  38  3:47  Gateway  
  41  3:51  Pylon  
  41  3:57  Probe  
  41  3:58  Assimilator  
  41  3:59  Immortal (Chrono Boost)  
  41  4:00  Assimilator  
  45  4:05  Probe  
  45  4:08  Zealot  
  48  4:17  Probe x2  
  50  4:29  Probe x2  
  52  4:33  Zealot  
  52  4:34  Zealot  
  56  4:41  Gateway, Probe x2  
  56  4:44  Gateway, Pylon  
  58  4:49  Immortal (Chrono Boost)  
  62  5:02  Probe x2  
  62  5:03  Zealot x2  
  69  5:14  Probe x2  
  70  5:28  Pylon  
  70  5:29  Pylon  
  70  5:41  Gateway  
  70  5:43  Gateway  
  70  5:45  Warp Prism, Pylon  
  70  5:46  Probe x2  
  74  6:05  Zealot x2, Nexus  
  74  6:06  Zealot  
  74  6:07  Pylon  
  74  6:10  Probe  
  81  6:11  Probe  
  81  6:17  Dark Shrine  
  81  6:18  Pylon  
  82  6:25  Stalker x2  
  86  6:34  Immortal (Chrono Boost)  
  86  6:39  Zealot x2  
  94  6:49  Forge  
  94  6:51  Probe x2  
  96  7:02  Pylon  
  96  7:10  Zealot x2  
  96  7:11  Zealot x5  
  110  7:21  Immortal (Chrono Boost)  
  114  7:31  Dark Templar x2  
  114  7:32  Dark Templar x2  
  121  7:37  Archon  
  121  7:38  Archon  
  121  7:39  Dark Templar  
  121  7:43  Dark Templar  
  125  7:46  Archon  
  125  7:48  Zealot  
  127  7:51  Pylon  
  127  8:05  Zealot  
  127  8:06  Zealot x2  
  127  8:07  Zealot  
  127  8:17  Zealot  
  127  8:18  Zealot x2  
Tags
 
Add a new tag
Caveats
  • Supply blocks, unpowered buildings, or Contaminate may cause inaccurate times.
  • Supply counts are checked every 10 seconds.